 Dungeon Crawl Stone Soup version 0.26-a0-784-g51bffae0b1 (webtiles) character file.

Game seed: 12049972060808270287

54 Kinoniko the Slasher (level 3, -1/33 HPs)
             Began as a Hill Orc Fighter on Nov 10, 2020.
             Slain by an orc (3 damage)
             ... on level 2 of the Dungeon.
             The game lasted 00:01:36 (1040 turns).

Kinoniko the Slasher (Hill Orc Fighter)             Turns: 1040, Time: 00:01:37

Health: -1/33      AC:  4    Str: 18    XL:     3   Next: 91%
Magic:  3/3        EV:  8    Int:  8    God:
Gold:   83         SH:  0    Dex: 11    Spells: 2/2 levels left

rFire    . . .     SeeInvis .   a - +0 long sword
rCold    . . .     Faith    .   c - +0 kite shield
rNeg     . . .     Spirit   .   i - +0 troll leather armour
rPois    .         Reflect  .   (no helmet)
rElec    .         Harm     .   (no cloak)
rCorr    .         Rampage  .   (no gloves)
MR       .....                  (no boots)
Stlth    +.........             (no amulet)
HPRegen  0.51/turn              (no ring)
MPRegen  0.08/turn              (no ring)

@: confused, mighty
A: no striking features
a: no special abilities


You were on level 2 of the Dungeon.
You visited 1 branch of the dungeon, and saw 2 of its levels.

You collected 83 gold pieces.

Inventory:

Hand Weapons
 a - a +0 long sword (weapon)
Armour
 b - a +0 scale mail
 c - a +0 kite shield (worn)
 i - a +0 troll leather armour (worn)
 p - a +0 scale mail of poison resistance
Scrolls
 g - a scroll of remove curse
 h - a scroll of noise {unknown}
 j - 2 scrolls of blinking
 k - a scroll of enchant armour {unknown}
 l - a scroll of identify {unknown}
 m - a scroll of amnesia {unknown}
 n - a scroll of teleportation {unknown}
 o - a scroll of random uselessness
Potions
 d - a potion of might
 e - a potion of flight {unknown}
 f - a potion of lignification {unknown}


   Skills:
 - Level 3.7 Fighting
 * Level 3.9 Long Blades
 - Level 3.5 Armour
 - Level 3.5 Shields


You had 2 spell levels left.
You didn't know any spells.
Your spell library contained the following spells:

 Spells                   Type           Power        Failure   Level
 Animate Skeleton         Necr           #.....       92%         1
 Apportation              Tloc           #.....       92%         1
 Corona                   Hex            #......      92%         1
 Summon Small Mammal      Summ           #...         92%         1


Dungeon Overview and Level Annotations

Branches:
Dungeon (2/15)

Altars:


Message History

* * * LOW HITPOINT WARNING * * *
The orc wizard gestures at you while chanting.
You are confused.
The orc hits you but does no damage. The orc completely misses you.
You feel very mighty all of a sudden.
The orc wizard hits you but does no damage.
The orc barely misses you. The orc hits you.
* * * LOW HITPOINT WARNING * * *
You bump into the rock wall.
The orc wizard gestures wildly while chanting.
The orc wizard flickers and vanishes!
Deactivating autopickup; reactivate with Ctrl-A.
The orc barely misses you. The orc hits you but does no damage.
You closely miss something. Something hits you.
* * * LOW HITPOINT WARNING * * *
The orc closely misses you. The orc barely misses you.
You barely miss something. Something hits you.
* * * LOW HITPOINT WARNING * * *
The orc hits you but does no damage. The orc hits you.
You die...

#######.#######
###############..
......(..# #.#
#######..#########
#.#
######...........#
#.#
#...##...#######.#
#..
#.#..........###.##
##.
#...##...###......#
#. ##.###...#
#####.!# #.
##.###...# #@{# #.
#.#.##...#######oo#
#.
.###..............#
#.
#.#.###.#########.#
#. ##.####.## .#
...###<..# .#
.....(.#...... ..
######...##### .#
### ##...


You could see 2 orcs.

Vanquished Creatures
  An adder (D:2)
  2 worms (D:2)
  3 dart slugs
  3 bats (D:1)
  2 giant cockroaches
  3 goblins
  6 hobgoblins
  2 jackals (D:2)
  2 quokkas (D:2)
  A frilled lizard (D:1)
  4 kobolds
  A rat (D:1)
30 creatures vanquished.

Notes
Turn   | Place    | Note
-------+----------+-------------------------------------------
     0 | D:1      | Kinoniko the Hill Orc Fighter began the quest for the Orb.
     0 | D:1      | Reached XP level 1. HP: 19/19 MP: 1/1
   269 | D:1      | Reached XP level 2. HP: 27/27 MP: 2/2
   582 | D:1      | Reached XP level 3. HP: 33/33 MP: 3/3
   652 | D:2      | Found a faded altar of an unknown god.
  1040 | D:2      | Slain by an orc

Illustrated notes

Levels and vault maps discovered:
D:1:      dpeg_arrival_orchard, layout_basic, chequers_hall_statues_y
D:2:      layout_loops_ring, overflow_temple_1_default,
          chequers_ecumenical_altar_simple, kennysheep_generic_room_9

Skill      XL: |  1  2 |
---------------+-------+-----
Long Blades    | 3 |  3.9
Fighting       | |  3.7
Armour         | |  3.5
Shields        | |  3.5

Action                   || total
-------------------------++-------
Melee: Long sword        ||   112
  Use: Scroll            ||     3
       Potion            ||     1
Armor: Scale mail        ||    10
       Troll leather arm ||    30
Dodge: Dodged            ||    49
Block: Kite shield       ||    49
       Rpst.: Long sword ||    17

Table legend: (Time is in decaauts)
 A = Elapsed time spent in this place.
 B = Non-inter-level travel time spent in this place.
 C = Inter-level travel time spent in this place.
 D = Time resting spent in this place.
 E = Time spent auto-exploring this place.
 F = Levels seen in this place.
 G = Mean time per level.
                   A        B        C        D        E       F      G
               +--------+--------+--------+--------+--------+-----+--------+
         Total |   1076 |   1063 |     13 |    129 |    640 |   2 |  538.0 |
       Dungeon |   1076 |   1063 |     13 |    129 |    640 |   2 |  538.0 |
               +--------+--------+--------+--------+--------+-----+--------+

Top non-repeatable levels by time:
     D:1: 626 daAuts
     D:2: 450 daAuts
